Map: Catalesque CE

Players

Ekelpack - Winner!

  • Race: Zerg Zerg
  • Spawn Location: 5:00

Nyck - Winner!

  • Race: Terran Terran
  • Spawn Location: 5:00

Mario

  • Race: Protoss Protoss
  • League: Silver
  • Spawn Location: 11:00

ZAGG

  • Race: Zerg Zerg
  • Spawn Location: 11:00

VOD

Have the link to the VOD?

Description

Time

  • Played on: Oct. 8, 2024, 1:57 p.m.
  • Length: 17:23
Show
View Real Time Build Order
Export as new Build Order

Ekelpack Zerg - Winner!

Build Orders: Hatch First, Roach Hydra 

Get SALT Encoding   

  12  0:00  Drone  
  13  0:08  Drone  
  14  0:16  Overlord  
  14  0:35  Drone  
  15  0:45  Hatchery  
  15  0:47  Drone  
  15  1:02  Spawning Pool  
  14  1:06  Drone  
  14  1:09  Extractor  
  14  1:13  Drone  
  14  1:16  Drone  
  16  1:19  Drone  
  17  1:29  Drone  
  18  1:49  Queen  
  20  2:00  Roach Warren  
  19  2:02  Drone  
  19  2:06  Drone  
  21  2:10  Drone  
  21  2:11  Drone  
  23  2:17  Queen  
  25  2:25  Overlord  
  25  2:29  Drone  
  26  2:42  Roach  
  28  2:44  Roach x2  
  28  2:45  Roach  
  28  2:50  Overlord  
  35  3:12  Drone  
  35  3:13  Drone x6  
  35  3:18  Lair, Extractor  
  40  3:24  Evolution Chamber  
  39  3:31  Drone x3  
  42  3:34  Extractor  
  41  3:49  Drone x3  
  41  3:50  Zerg Missile Weapons Level 1  
  41  3:51  Overlord  
  44  3:58  Overlord  
  44  4:05  Extractor  
  41  4:27  Overlord  
  41  4:32  Hydralisk Den, Queen  
  41  4:35  Drone x4  
  41  4:36  Drone x2, Overlord  
  41  4:37  Overlord  
  48  5:01  Roach x5  
  56  5:15  Glial Reconstitution, Grooved Spines  
  54  5:22  Drone x3  
  53  6:02  Drone x2  
  53  6:03  Hydralisk  
  53  6:04  Hydralisk x6  
  55  6:05  Hydralisk  
  71  6:15  Hydralisk  
  71  6:16  Zerg Missile Weapons Level 2  
  73  6:19  Overlord  
  73  6:28  Overlord x2  
  73  6:38  Hatchery  
  72  6:42  Overlord x2  
  72  6:48  Pneumatized Carapace  
  72  6:49  Hydralisk  
  72  6:50  Hydralisk x3  
  80  7:12  Muscular Augments  
  80  7:15  Tunneling Claws  
  80  7:24  Roach  
  80  7:25  Roach x6  
  80  7:26  Roach  
  96  7:42  Overlord x3  
  96  7:53  Hydralisk  
  96  7:54  Hydralisk x5  
  108  8:13  Drone x3  
  108  8:14  Drone x5  
  116  8:24  Infestation Pit  
  115  8:32  Queen  
  117  8:42  Zerg Ground Armor Level 1  
  117  8:53  Drone x3  
  120  8:59  Extractor  
  119  9:09  Extractor  
  118  9:10  Hydralisk x6  
  118  9:11  Hydralisk x5  
  140  9:41  Hive  
  140  9:49  Drone x3  
  143  9:57  Overlord x2  
  143  9:58  Overlord x2  
  143  10:37  Hydralisk x3  
  143  10:38  Hydralisk x6  
  143  10:39  Hydralisk x6  
  143  10:40  Hydralisk  
  175  10:47  Zerg Ground Armor Level 2  
  175  10:52  Hatchery  
  148  11:15  Hydralisk x5  
  148  11:16  Hydralisk x5  
  146  11:39  Extractor  
  109  12:00  Hydralisk x7  
  109  12:01  Hydralisk x4  
  79  12:30  Hydralisk x2  
  79  12:31  Hydralisk x5  
  91  13:00  Roach  
  91  13:01  Roach x7  
  107  13:09  Hydralisk, Roach x3  
  107  13:10  Hydralisk, Roach  
  119  13:29  Roach  
  119  13:30  Roach x6  
  119  13:31  Roach x5  
  143  13:58  Hydralisk x3  
  143  13:59  Hydralisk x5  
  159  14:33  Ultralisk Cavern  
  159  14:36  Zerg Melee Weapons Level 1  
  158  15:19  Ravager x3  
  158  15:20  Ravager x3  
  164  15:22  Ravager x3  
  167  15:42  Chitinous Plating  
  167  15:46  Overlord x3, Ultralisk x2  
  167  15:47  Overlord  
  179  15:54  Extractor  
  178  16:06  Ultralisk x2  
  178  16:07  Ultralisk  
  178  16:08  Zergling x4, Roach  
Show
View Real Time Build Order
Export as new Build Order

Nyck Terran - Winner!

Build Orders: 2 Factory, Hellion Opening 

Get SALT Encoding   

  12  0:00  SCV  
  13  0:12  SCV  
  14  0:18  Supply Depot  
  14  0:25  SCV  
  15  0:40  SCV  
  16  0:43  Barracks  
  16  0:47  Refinery  
  16  0:52  SCV  
  17  1:01  Refinery  
  18  1:04  SCV  
  18  1:16  SCV  
  19  1:30  Orbital Command  
  19  1:38  Factory  
  19  1:47  Barracks Reactor  
  19  1:56  SCV  
  20  2:13  SCV  
  21  2:21  Supply Depot  
  21  2:30  SCV  
  21  2:34  Barracks Tech Lab  
  22  2:42  SCV, Factory  
  22  2:43  Hellion x2  
  27  2:54  SCV  
  28  3:04  Command Center, Hellion  
  30  3:10  Supply Depot, Hellion  
  32  3:29  SCV  
  32  3:32  Hellion  
  32  3:33  Hellion  
  32  3:34  Hellion  
  39  3:40  Infernal Pre-Igniter  
  39  3:42  SCV  
  40  3:52  Starport  
  40  3:54  SCV  
  41  4:08  Siege Tank  
  36  4:58  SCV  
  38  5:06  Command Center  
  33  5:45  Orbital Command  
  31  5:53  Barracks Reactor  
  31  5:57  Starport Reactor  
  31  6:03  Starport  
  32  6:04  SCV  
  32  6:08  Engineering Bay  
  32  6:16  SCV  
  33  6:19  SCV x2  
  35  6:35  SCV x2  
  34  6:45  Viking x2  
  38  6:51  Armory  
  38  6:53  Armory  
  38  6:55  SCV x2  
  38  6:57  Command Center  
  38  6:59  Starport Reactor  
  40  7:07  SCV x2  
  42  7:15  Viking x2  
  46  7:19  SCV x2  
  48  7:28  Refinery  
  48  7:29  Refinery  
  48  7:31  SCV x2  
  48  7:36  Orbital Command  
  50  7:41  Viking x2  
  50  7:43  SCV x2  
  56  7:48  Starport  
  56  7:53  Terran Vehicle And Ship Armor Level 1  
  56  7:54  Terran Ship Weapons Level 1  
  56  7:55  SCV x2, Starport  
  56  7:57  Supply Depot  
  58  8:03  Viking  
  58  8:05  SCV  
  61  8:09  Refinery  
  61  8:11  Refinery  
  61  8:12  SCV  
  62  8:15  Viking  
  64  8:20  Supply Depot  
  64  8:24  Viking x2  
  64  8:26  Starport Reactor  
  68  8:33  Supply Depot, Viking  
  70  8:35  Starport Reactor  
  70  8:43  Supply Depot  
  70  8:48  SCV x3  
  73  8:50  Viking  
  75  8:56  Supply Depot  
  75  9:00  SCV x3  
  75  9:02  Viking x2  
  82  9:03  Viking  
  82  9:05  Supply Depot  
  84  9:14  Supply Depot  
  84  9:20  Orbital Command  
  84  9:21  Supply Depot  
  84  9:26  SCV x3  
  84  9:27  Viking x4  
  84  9:28  Supply Depot  
  95  9:43  SCV  
  95  9:44  SCV x2  
  98  9:50  Supply Depot, Terran Vehicle And Ship Armor Level 2  
  98  9:57  SCV x3  
  98  9:59  SCV  
  102  10:01  Refinery  
  102  10:06  Refinery  
  102  10:07  Command Center  
  102  10:09  SCV x3, Viking x2  
  102  10:10  Viking x4  
  102  10:11  SCV  
  102  10:13  Viking  
  120  10:18  Viking  
  122  10:26  SCV x3  
  122  10:27  SCV  
  126  10:39  Viking x2  
  126  10:42  Supply Depot  
  130  10:54  Terran Ship Weapons Level 2  
  130  11:34  Viking  
  130  11:35  Viking x7  
  146  12:04  Viking  
  146  12:05  Viking x7  
  162  12:34  Viking  
  162  12:35  Viking x7  
  178  12:38  Terran Vehicle And Ship Armor Level 3  
  178  12:56  SCV x4  
  182  13:04  Viking  
  182  13:05  Viking x5  
  194  13:08  SCV  
  195  13:14  Supply Depot  
  195  13:16  SCV x3, Viking  
  200  13:35  Viking  
  200  13:37  Supply Depot  
  192  13:46  SCV x4  
  196  13:49  Orbital Command  
  196  13:55  Viking  
  196  13:56  Viking  
  200  14:08  Terran Ship Weapons Level 3  
  200  14:19  Refinery  
  200  14:48  Refinery  
  140  16:29  Viking x8  
Show
View Real Time Build Order
Export as new Build Order

Mario Protoss 

Build Orders: 1 Gate Expand, Oracle Opening 

Get SALT Encoding   

  12  0:00  Probe  
  13  0:14  Pylon  
  13  0:18  Probe  
  14  0:30  Probe  
  15  0:35  Gateway  
  15  0:42  Probe  
  16  0:44  Assimilator  
  16  0:55  Probe  
  17  1:07  Probe  
  18  1:20  Probe (Chrono Boost)  
  19  1:26  Nexus  
  19  1:32  Probe (Chrono Boost)  
  20  1:37  Cybernetics Core  
  21  1:40  Probe (Chrono Boost)  
  21  1:48  Assimilator  
  21  1:50  Zealot  
  23  2:07  Pylon  
  23  2:25  Probe, Stargate  
  24  2:35  Forge  
  24  2:40  Probe (Chrono Boost)  
  24  2:41  Probe (Chrono Boost)  
  26  2:50  Probe (Chrono Boost)  
  28  2:52  Probe (Chrono Boost)  
  28  2:54  Probe (Chrono Boost)  
  29  3:00  Assimilator, Protoss Air Weapons Level 1  
  29  3:01  Probe  
  30  3:13  Probe  
  30  3:15  Assimilator  
  30  3:16  Oracle  
  34  3:22  Probe  
  34  3:25  Probe  
  36  3:29  Photon Cannon  
  36  3:37  Probe  
  36  3:40  Probe  
  38  3:50  Probe  
  38  3:52  Probe  
  38  3:55  Pylon  
  40  3:58  Stargate  
  40  4:03  Robotics Facility  
  40  4:07  Stalker  
  35  4:55  Void Ray  
  23  6:00  Probe (Chrono Boost)  
  23  6:02  Probe (Chrono Boost)  
  27  6:11  Probe (Chrono Boost)  
  27  6:12  Probe (Chrono Boost)  
  27  6:15  Probe (Chrono Boost)  
  27  6:17  Probe (Chrono Boost)  
  29  6:28  Probe  
  34  6:36  Void Ray  
  34  6:40  Probe (Chrono Boost)  
  35  6:49  Probe (Chrono Boost)  
  35  6:52  Probe (Chrono Boost)  
  37  6:58  Observer, Probe (Chrono Boost)  
  37  6:59  Probe (Chrono Boost)  
  40  7:03  Probe (Chrono Boost)  
  40  7:08  Probe (Chrono Boost)  
  42  7:19  Probe (Chrono Boost)  
  43  7:23  Probe (Chrono Boost)  
  44  7:40  Protoss Air Armor Level 1 (Chrono Boost)  
  44  7:44  Probe  
  45  7:56  Robotics Bay, Probe  
  45  7:58  Pylon  
  46  8:00  Pylon  
  46  8:16  Probe x2 (Chrono Boost)  
  52  8:21  Void Ray  
  52  8:28  Probe (Chrono Boost)  
  52  8:34  Probe (Chrono Boost)  
  54  8:36  Probe (Chrono Boost)  
  54  8:40  Probe (Chrono Boost)  
  56  8:42  Probe  
  56  8:43  Robotics Facility  
  57  9:00  Pylon  
  57  9:02  Pylon  
  57  9:05  Pylon  
  57  9:19  Colossus (Chrono Boost)  
  69  9:31  Colossus (Chrono Boost)  
  77  9:55  Void Ray x2  
  77  9:58  Extended Thermal Lance  
  77  10:00  Disruptor (Chrono Boost)  
  77  10:03  Pylon  
  77  10:04  Probe  
  77  10:05  Pylon  
  82  10:11  Disruptor (Chrono Boost)  
  56  11:26  Colossus x2  
  56  11:30  Void Ray x2  
  49  11:54  Nexus  
  48  11:56  Pylon  
  48  11:58  Pylon  
  48  12:00  Pylon  
  46  12:01  Pylon  
  46  12:05  Assimilator  
  46  12:07  Assimilator  
  54  12:20  Void Ray x2  
  34  13:14  Nexus  
  33  13:49  Fleet Beacon  
  33  14:44  Nexus  
  33  15:09  Nexus  
  33  15:10  Pylon  
  33  15:12  Pylon x2  
  33  15:13  Disruptor  
Show
View Real Time Build Order
Export as new Build Order

ZAGG Zerg 

Build Orders: Pool First 

Get SALT Encoding   

  12  0:00  Drone  
  13  0:12  Overlord  
  13  0:16  Drone  
  14  0:30  Drone x2  
  16  0:36  Drone  
  17  0:46  Drone  
  18  0:52  Extractor  
  18  0:56  Drone  
  18  0:59  Spawning Pool  
  17  1:09  Drone  
  18  1:19  Hatchery  
  18  1:22  Drone  
  18  1:29  Drone  
  19  1:38  Overlord  
  19  1:46  Queen  
  19  1:53  Drone  
  22  2:03  Zergling x2, Baneling Nest  
  22  2:13  Drone  
  23  2:22  Queen  
  23  2:28  Zergling x2  
  26  2:31  Queen  
  26  2:33  Drone x2  
  30  2:42  Spine Crawler  
  30  2:43  Drone  
  30  2:47  Drone  
  31  2:58  Drone x2  
  31  2:59  Drone x3  
  36  3:07  Overlord  
  36  3:14  Overlord  
  36  3:25  Queen  
  36  3:26  Drone x3  
  41  3:31  Extractor  
  41  3:32  Drone x2  
  41  3:33  Drone, Extractor  
  42  3:35  Overlord  
  42  3:44  Drone x4  
  46  3:54  Baneling x4  
  46  3:55  Zergling x2  
  47  3:56  Zergling x2  
  48  4:09  Drone  
  49  4:10  Drone x3  
  49  4:16  Extractor  
  51  4:20  Zergling x2  
  51  4:21  Zergling x6  
  51  4:50  Zergling x8  
  51  4:51  Zergling x6  
  42  5:47  Roach Warren  
  42  5:49  Queen  
  42  6:11  Lair  
  42  6:25  Queen  
  42  6:37  Roach  
  42  6:38  Roach x8  
  60  6:55  Hatchery  
  60  7:01  Overlord x2  
  59  7:10  Drone  
  59  7:12  Overlord x4  
  60  7:19  Queen  
  62  7:29  Glial Reconstitution, Evolution Chamber  
  61  7:30  Evolution Chamber  
  61  7:31  Roach x8  
  76  7:40  Roach x3  
  82  7:49  Infestation Pit  
  82  7:50  Roach  
  82  7:51  Roach  
  85  7:55  Roach  
  87  8:06  Zerg Missile Weapons Level 1  
  87  8:09  Roach  
  87  8:10  Roach x4  
  97  8:24  Overlord x5  
  97  8:36  Hive  
  97  8:44  Queen  
  99  9:10  Roach  
  99  9:11  Roach x14  
  99  9:16  Zerg Ground Armor Level 1  
  129  9:19  Queen  
  131  9:28  Drone x6  
  137  9:54  Ultralisk Cavern  
  137  9:57  Overlord x3  
  136  10:01  Zerg Melee Weapons Level 1  
  136  10:29  Overlord  
  136  10:30  Overlord  
  136  10:42  Ultralisk x2  
  160  10:43  Ultralisk x2  
  106  11:11  Roach  
  106  11:12  Roach x16  
  106  11:13  Roach  
  110  11:31  Roach  
  110  11:32  Roach x5  
  108  11:55  Ultralisk  
  108  11:56  Ultralisk  
  96  12:13  Roach x7  
  74  12:47  Ultralisk x2  
  86  13:20  Hatchery  
  86  13:21  Drone  
  86  13:22  Drone x5  
  91  13:40  Extractor  
  90  13:42  Extractor  
  90  13:48  Drone x8  
  97  13:57  Chitinous Plating  
  97  14:05  Lair  
  97  14:46  Ultralisk  
  97  14:48  Roach x2  
  107  15:12  Drone  
  107  15:13  Drone x19  
  127  15:16  Anabolic Synthesis  
  89  16:59  Overlord x4  
  89  17:00  Overlord x2  
Tags
 
Add a new tag
Caveats
  • Supply blocks, unpowered buildings, or Contaminate may cause inaccurate times.
  • Supply counts are checked every 10 seconds.